 Dungeon Crawl Stone Soup version 0.31.0-7-gf635a9b802 (webtiles) character file.

Game seed: 6627866071942016652

915 olmar the Cudgeller (level 7, -2/60 HPs)
             Began as an Armataur Fighter on Jan 23, 2024.
             Was an Initiate of Gozag.
             Shot with an arrow by a centaur (10 damage)
             ... on level 6 of the Dungeon.
             The game lasted 00:05:38 (4477 turns).

olmar the Cudgeller (Armataur Fighter)              Turns: 4477, Time: 00:05:38

Health: -2/60      AC:  8    Str: 23    XL:     7   Next: 82%
Magic:  7/7        EV:  9    Int:  8    God:    Gozag
Gold:   379        SH:  0    Dex: 10    Spells: 6/6 levels left

rFire   . . .        k - +1 dire flail (heavy)
rCold   . . .        (shield currently unavailable)
rNeg    . . .        n - +2 leather armour {rPois}
rPois   +            (no helmet)
rElec   .            s - +0 cloak
rCorr   .            (no gloves)
SInv    .            (no barding)
Will    .....        (no amulet)
Stlth   +            (no ring)
HPRegen 0.30/turn    (no ring)
MPRegen 0.10/turn

%: roll
@: confused, ambrosia-drunk, gold aura, studying Earth Magic
A: large, deformed body, tough skin 3, armoured tail, roll 2
a: Renounce Religion, Potion Petition, Call Merchant, Bribe Branch


You were on level 6 of the Dungeon.
You worshipped Gozag.
Gozag was aware of your devotion.
You visited 2 branches of the dungeon, and saw 7 of its levels.

You collected 461 gold pieces.
You paid 82 gold pieces to Gozag.

Inventory:

Hand Weapons
 a - a +1 flail
 k - a +1 heavy dire flail (weapon)
Armour
 b - a +0 scale mail
 c - a +0 buckler
 n - a +2 leather armour of poison resistance (worn)
 r - a +2 leather armour of fire resistance
 s - a +0 cloak (worn)
Jewellery
 p - an amulet of magic regeneration
Wands
 d - a wand of iceblast (7)
 i - a wand of flame (59)
Scrolls
 e - 2 scrolls of enchant weapon
 h - 2 scrolls of fear {unknown}
 l - 2 scrolls of amnesia
 m - 5 scrolls of teleportation
 q - 2 scrolls of vulnerability
Potions
 g - 2 potions of attraction
 j - a potion of brilliance


   Skills:
 + Level 4.4 Fighting
 + Level 6.1 Maces & Flails
 + Level 5.6 Armour
 - Level 1.0 Dodging
 - Level 0.6 Stealth
 - Level 3.9 Shields
 + Level 1.1 Evocations


You had 6 spell levels left.
You didn't know any spells.
Your spell library contained the following spells:

 Spells                   Type           Power      Damage    Failure   Level
 Freeze                   Ice            0%         1d3       43%         1
 Summon Small Mammal      Summ           0%         N/A       43%         1
 Call Canine Familiar     Summ           0%         N/A       82%         3
 Dazzling Flash           Conj/Hex       0%         N/A       82%         3
 Frozen Ramparts          Ice            0%         1d1       82%         3
 Hailstorm                Conj/Ice       0%         3d5       82%         3
 Mephitic Cloud           Conj/Alch/Air  0%         N/A       82%         3
 Ozocubu's Armour         Ice            0%         N/A       82%         3
 Summon Ice Beast         Ice/Summ       0%         N/A       82%         3
 Summon Blazeheart Golem  Fire/Summ      0%         N/A       99%         4
 Curse of Agony           Necr           0%         N/A       100%        5
 Silence                  Hex/Air        0%         N/A       100%        5
 Ozocubu's Refrigeration  Ice            0%         4d7       100%        7


Dungeon Overview and Level Annotations

Branches:
Dungeon (6/15)             Temple (1/1) D:4

Altars:
Ashenzari
Cheibriados
Dithmenos
Fedhas
Gozag
Hepliaklqana
Makhleb
Nemelex Xobeh
Okawaru
Qazlal
Ru
Sif Muna
Uskayaw
Vehumet
Wu Jian
Xom
Zin
The Shining One

Shops:
D:1 (

Annotations:
D:3 2 runed translucent doors, zenocrate's ghost, amateur VSEn
D:4 2 runed translucent doors, ProzacElf's ghost, amateur AtBe
D:6 Dowan; Duvessa


Innate Abilities, Weirdness & Mutations

Armour fits poorly on your strangely shaped body.
You have extremely tough skin. (AC +3)
You have a long armoured tail.
You regenerate magic and health when rolling toward enemies. (Rampage Regen)


Message History

The iceblast engulfs the orc priest!
You kill the orc priest!
The centaur shoots an arrow.
The arrow hits you!
* * * LOW HITPOINT WARNING * * *
The orc priest looks encouraged for a moment.
Duvessa hits you with a +0 short sword!
* * * LOW HITPOINT WARNING * * *
The centaur shoots an arrow.
The arrow hits you.
* * * LOW HITPOINT WARNING * * *
Unknown command.
Okay, then.
Okay, then.
You feel better.
The centaur shoots an arrow.
The arrow hits you!
* * * LOW HITPOINT WARNING * * *
Dowan is distracted by your dazzling golden aura.
The orc priest is distracted by your dazzling golden aura.
The orc priest miscasts a cantrip.
Duvessa hits you but does no damage.
Dowan shouts!
The orc priest shouts!
Unknown command.
Unknown command.
Okay, then.
You are confused.
You feel invigorated.
The orc priest hits you but does no damage.
Duvessa hits you with a +0 short sword.
* * * LOW HITPOINT WARNING * * *
The centaur unwields a +0 orcbow.
The centaur misses you. The centaur barely misses you.
The orc priest attacks as it pursues you!
The orc priest hits you but does no damage.
The centaur attacks as it pursues you! The centaur hits you.
* * * LOW HITPOINT WARNING * * *
The centaur barely misses you.
Unknown command.
Unknown command.
The centaur wields a +0 orcbow.
The centaur shoots an arrow.
The arrow hits you!
You die...
Your body crumbles into a pile of gold.

....#.............#.....#
....#............##.....#
#######+####.....##.....#
#.....##.....#
#............# .
#............# ..
#............#
...#####'##.....#
.....?..@.#.....#
......ee..#.....#
.......co.#.....#
..........#.....#
.......$$o# ##+#
..".........
...........o.
...##+####..... ... .....


You could see Duvessa, Dowan, a centaur, an orc priest and an orc.

Vanquished Creatures
  Edmund (D:5)
  A centaur (D:5)
  A scorpion (D:5)
  3 howler monkeys
  A bombardier beetle (D:3)
  A jelly (D:4)
  An orc priest (D:6)
  Jessica (D:2)
  A gnoll bouda (D:6)
  Ijyb (D:3)
  3 iguanas
  8 adders
  11 gnolls
  A shadow imp (D:3)
  A white imp (D:6)
  2 ufetubi (D:5)
  2 dart slugs (D:1)
  2 ribbon worms
  9 orcs
  7 endoplasms
  4 giant cockroaches
  5 hobgoblins
  3 jackals (D:3)
  A quokka (D:1)
  7 ball pythons
  7 bats
  2 frilled lizards
  13 goblins
  6 kobolds
  3 rats (D:1)
109 creatures vanquished.

Notes
Turn   | Place    | Note
-------+----------+-------------------------------------------
     0 | D:1      | olmar the Armataur Fighter began the quest for the Orb.
     0 | D:1      | Reached XP level 1. HP: 18/18 MP: 1/1
   173 | D:1      | Reached skill level 2 in Maces & Flails
   173 | D:1      | Reached XP level 2. HP: 26/26 MP: 2/2
   216 | D:1      | Found a faded altar of an unknown god.
   232 | D:1      | Got Okaess's Incunabulum of the Iceberg
   265 | D:1      | Found Pyplebbe's Weapon Boutique.
   612 | D:2      | Noticed Jessica
   619 | D:2      | Killed Jessica
   620 | D:2      | Reached XP level 3. HP: 19/31 MP: 3/3
   854 | D:2      | Reached XP level 4. HP: 25/38 MP: 4/4
  1057 | D:2      | Reached skill level 3 in Maces & Flails
  1163 | D:3      | Found an ornate altar of the Wu Jian Council.
  1177 | D:3      | Found a runed translucent door.
  1178 | D:3      | Noticed zenocrate's ghost (amateur VSEn)
  1178 | D:3      | Noticed a bullfrog
  1191 | D:3      | Found a runed translucent door.
  1587 | D:3      | Found a faded altar of an unknown god.
  1597 | D:3      | Found an iron altar of Okawaru.
  1795 | D:3      | Reached skill level 1 in Dodging
  1795 | D:3      | Reached XP level 5. HP: 42/45 MP: 5/5
  1973 | D:3      | Noticed Ijyb
  1979 | D:3      | Killed Ijyb
  2281 | D:4      | Found a large runed translucent door.
  2281 | D:4      | Found a large runed translucent door.
  2569 | D:4      | Reached skill level 4 in Maces & Flails
  2601 | D:4      | Noticed ProzacElf's ghost (amateur AtBe)
  2639 | D:4      | Reached XP level 6. HP: 36/51 MP: 6/6
  2976 | D:4      | Found a staircase to the Ecumenical Temple.
  2982 | Temple   | Entered the Ecumenical Temple
  2994 | Temple   | Became a worshipper of Gozag Ym Sagoz the Greedy
  3158 | D:5      | Entered Level 5 of the Dungeon
  3174 | D:5      | Noticed Edmund
  3181 | D:5      | Killed Edmund
  3182 | D:5      | Reached skill level 5 in Armour
  3279 | D:5      | Reached skill level 5 in Maces & Flails
  3279 | D:5      | Gained mutation: You regenerate magic and health when
                  | rolling toward enemies. (Rampage Regen) [Armataur growth]
  3279 | D:5      | Reached XP level 7. HP: 59/59 MP: 7/7
  3422 | D:5      | Found a glowing golden altar of the Shining One.
  3425 | D:5      | Found a stormy altar of Qazlal.
  3427 | D:5      | Found a sparkling altar of Nemelex Xobeh.
  3428 | D:5      | Found a shadowy altar of Dithmenos.
  4025 | D:6      | Found a glowing silver altar of Zin.
  4045 | D:6      | Reached skill level 1 in Evocations
  4419 | D:6      | Reached skill level 6 in Maces & Flails
  4468 | D:6      | Noticed Duvessa
  4469 | D:6      | Noticed Dowan
  4473 | D:6      | HP: 2/60 [centaur/arrow (2)]
  4477 | D:6      | Shot with an arrow by a centaur

Illustrated notes

Levels and vault maps discovered:
D:1:      giann_wishing_wells, layout_rooms, shapermc_ecumenical_altar_pompeii,
          serial_shops, shop, serial_bayou_pond_e
D:2:      layout_basic, uniq_jessica
D:3:      kennysheep_goblin_castle, layout_loops_corners,
          nicolae_overflow_ecumenical_swirl,
          mainiacjoe_overflow_concentric_impassable, ebering_ghost_sewer_f
D:4:      layout_gridville, minmay_temple_entry_enclosed_plants,
          ebering_ghost_disaster_area, kennysheep_big_empty_room
D:5:      layout_basic, mainiacjoe_overflow_alcove_3,
          chequers_serial_rivers_marsh, minmay_manual_mullet, uniq_edmund
D:6:      layout_gridville, lemuel_doored_altar, uniq_grinder, uniq_duvessa
Temple:   jpeg_temple_clearing

Skill      XL: |  1  2  3  4  5  6  7 |
---------------+----------------------+-----
Fighting       | 3 4 |  4.4
Maces & Flails | 2 3 4 5 6 |  6.1
Armour         | 4 5 |  5.6
Dodging        | 1 |  1.0
Evocations     | 1 |  1.1
Stealth        | |  0.6
Shields        | |  3.9

Action                     |  1- 3 |  4- 6 |  7- 9 || total
---------------------------+-------+-------+-------++-------
  Melee: Flail             |   105 |   140 |       ||   245
         Tailslap          |    12 |    20 |     7 ||    39
         Dire flail        |       |     8 |    51 ||    59
  Evoke: Wand              |       |     5 |     2 ||     7
    Use: Scroll            |       |     6 |     1 ||     7
         Potion            |       |     4 |     2 ||     6
 Armour: Scale mail        |    93 |    79 |       ||   172
         Leather armour    |       |    56 |    70 ||   126
  Dodge: Dodged            |    45 |    65 |    39 ||   149
  Block: Buckler           |    24 |    28 |       ||    52
